Flyers vs Maple Leafs
(R1)
Created - December 1, 2019 at 19:20
Goals
|
| Flyers |
1 |
1 |
1 |
3 |
| Maple Leafs |
3 |
0 |
2 |
5 |
|
Shots
|
| Flyers |
8 |
5 |
17 |
30 |
| Maple Leafs |
17 |
6 |
9 |
32 |
|
1st period
1. Maple Leafs , Patrick Kane 15 (Jordan Staal 10) at 3:09 (PP)
2. Flyers , Mats Zuccarello 6 (Marcus Kruger 9) at 11:54
3. Maple Leafs , Ben Smith 3 (Jordan Staal 11) at 17:52
4. Maple Leafs , Patrick Kane 16 (Fabian Brunnstrom 4, Jordan Staal 12) at 18:20 (PP)
Penalties :
Matthew Lombardi (Phi) for Roughing (Minor) at 1:35, Jeff Woywitka (Phi) for Hooking (Minor) at 17:55
2nd period
5. Flyers , Drew Miller 8 (Jeff Carter 14) at 3:35 (PP)
Penalties :
Ben Smith (Tor) for Tripping (Minor) at 3:32, Ryan Callahan (Phi) for Interference (Minor) at 11:54, Matt Smaby (Phi) for Holding (Minor) at 17:30, J.T. Miller (Phi) for Interference (Minor) at 19:20
3rd period
6. Flyers , Jeff Carter 4 (Drew Miller 6, Jakub Voracek 7) at 11:10 (PP)
7. Maple Leafs , Taylor Hall 6 (Patrick Kane 14, John Klingberg 8) at 13:38
8. Maple Leafs , Brayden Schenn 8 (Fabian Brunnstrom 5, Taylor Chorney 4) at 16:43
Penalties :
Matt Smaby (Phi) for Roughing (Minor) at 1:00, Nathan Beaulieu (Phi) for Roughing (Minor) at 4:44, Eric Nystrom (Tor) for Hooking (Minor) at 10:40, Taylor Hall (Tor) for Hooking (Minor) at 17:14
Goalie Stats
Steve Mason (Phi), 27 saves from 32 shots - (0.844), L, 7-7-1, 60:00 minutes
Tyler Weiman (Tor), 27 saves from 30 shots - (0.900), W, 1-1-0, 60:00 minutes
Players Stats for Flyers
Player Name G A P +/- PIM S H SB GA TA FO MP PP MP PK MP
------------------------------------------------------------------------------------
Brian Lashoff 0 0 0 -1 0 1 0 2 1 0 0/0 15:54 0:00 6:42
Brock Nelson 0 0 0 -2 0 0 0 0 0 0 1/3 13:40 0:00 0:00
Chris Mcallister 0 0 0 -1 0 2 2 0 0 0 1/1 13:23 0:00 6:21
Drew Miller 1 1 2 0 0 4 0 1 0 0 1/2 16:58 1:32 3:01
J.T. Miller 0 0 0 1 2 0 1 0 0 0 1/1 15:24 1:00 1:22
Jakub Voracek 0 1 1 0 0 4 1 0 0 0 0/0 14:04 1:32 0:00
Jeff Carter 1 1 2 0 0 4 0 0 0 0 8/14 13:57 1:32 0:00
Jeff Woywitka 0 0 0 -1 2 0 1 3 0 0 0/0 21:36 1:53 6:17
Jonathan Ericsson 0 0 0 0 0 3 3 1 0 0 0/0 20:45 1:53 0:00
Kyle Wellwood 0 0 0 -2 0 1 0 1 0 0 12/18 17:39 0:00 4:04
Marcus Kruger 0 1 1 1 0 1 0 1 1 0 7/12 15:38 1:00 1:38
Mats Zuccarello 1 0 1 1 0 2 0 0 0 0 0/1 14:00 1:00 0:00
Matt Smaby 0 0 0 0 4 4 0 2 1 0 0/0 21:57 0:00 3:03
Matthew Lombardi 0 0 0 -1 2 1 1 0 1 2 3/13 12:38 0:00 5:44
Nathan Beaulieu 0 0 0 -1 2 2 1 3 0 1 0/0 17:12 0:39 2:18
Oliver Ekman-Larsson 0 0 0 -1 0 0 1 0 2 0 0/0 23:21 0:39 4:44
Ryan Callahan 0 0 0 -1 2 1 0 0 0 0 0/0 6:20 0:00 0:00
Tomas Kubalik 0 0 0 -2 0 0 2 0 1 2 1/1 13:33 0:00 0:00
Players Stats for Maple Leafs
Player Name G A P +/- PIM S H SB GA TA FO MP PP MP PK MP
------------------------------------------------------------------------------------
Alex Killorn 0 0 0 0 0 0 1 0 0 0 0/0 7:41 0:00 0:00
Beau Bennett 0 0 0 0 0 0 0 0 0 0 0/0 8:46 0:00 0:00
Ben Smith 1 0 1 1 2 4 2 0 0 1 0/1 19:28 5:21 1:05
Blake Comeau 0 0 0 0 0 1 0 0 0 0 0/0 8:38 0:00 0:00
Brayden Schenn 1 0 1 0 0 1 1 1 0 0 4/12 15:43 5:21 1:28
Braydon Coburn 0 0 0 1 0 1 0 2 0 0 0/0 17:13 0:00 1:20
Eric Nystrom 0 0 0 1 2 0 2 1 0 1 0/0 19:13 5:21 1:11
Fabian Brunnstrom 0 2 2 0 0 3 1 1 0 2 1/1 15:58 6:01 0:37
Jake Guentzel 0 0 0 1 0 1 2 0 0 0 8/19 16:17 0:00 0:00
John Klingberg 0 1 1 1 0 2 2 0 1 1 0/0 25:44 8:00 0:00
Jordan Staal 0 3 3 1 0 5 1 0 0 0 14/27 20:04 6:05 0:43
Kevin Shattenkirk 0 0 0 1 0 2 1 3 2 1 0/0 26:22 8:00 1:12
Marc-Édouard Vlasic 0 0 0 0 0 0 0 0 0 0 0/0 16:25 3:26 0:00
Nate Thompson 0 0 0 0 0 0 0 0 0 0 2/2 7:41 0:00 0:00
Patrick Kane 2 1 3 1 0 7 0 1 2 0 2/3 22:03 6:05 0:00
Ryan Parent 0 0 0 0 0 2 0 2 0 1 0/0 17:03 3:26 1:12
Taylor Chorney 0 1 1 1 0 0 1 2 0 0 0/0 17:13 0:00 1:20
Taylor Hall 1 0 1 1 2 3 1 1 0 0 0/1 15:53 0:04 0:00
3 Stars
1 - Patrick Kane (Tor)
2 - Jordan Staal (Tor)
3 - Brayden Schenn (Tor)
Power Play
Flyers - 2 on 3 Attempt(s) - 66.67%
Maple Leafs - 2 on 7 Attempt(s) - 28.57%
Penalty Kill
Flyers - 5 on 7 Attempt(s) - 71.43%
- Score 0 goal in Penalty Kill
Maple Leafs - 1 on 3 Attempt(s) - 33.33%
- Score 0 goal in Penalty Kill
Team Stat
Flyers - Hits : 13 - Faceoff Wins : 35 - Blocked Shots : 14 - Penalty Minutes : 14
Maple Leafs - Hits : 15 - Faceoff Wins : 31 - Blocked Shots : 14 - Penalty Minutes : 6
Official
Referees : Unknown
Linesman : Unknown
Game Notes
No Game Note
Finance
Level 1 -- Attendance: 5305 (88.42%) -- Ticket Income $583,550
Level 2 -- Attendance: 3944 (78.88%) -- Ticket Income $276,080
Level 3 -- Attendance: 1487 (74.35%) -- Ticket Income $68,402
Level 4 -- Attendance: 4000 (100.00%) -- Ticket Income $120,000
Luxury Box -- Attendance: 1000 (100.00%) -- Ticket Income $180,000
Game was played at the Maple Leafs Garden.
Total Attendance: 15736 (87.42%)
Total Ticket Income: $1,228,032
Other Income: $184,205
Total Income: $1,412,237
Flyers
5 vs 5 Forward
Center Left Wing Right Wing Time % Phy DF OF
1 Jeff Carter Drew Miller Jakub Voracek 30 0 1 4
2 Marcus Kruger J.T. Miller Mats Zuccarello 30 0 1 4
3 Kyle Wellwood Brock Nelson Tomas Kubalik 30 0 2 3
4 Matthew Lombardi Chris Mcallister Ryan Callahan 10 1 3 1
5 vs 5 Defense
Defense Defense Time % Phy DF OF
1 Matt Smaby Jonathan Ericsson 40 1 2 2
2 Nathan Beaulieu Oliver Ekman-Larsson 30 1 2 2
3 Brian Lashoff Jeff Woywitka 20 1 2 2
4 Oliver Ekman-Larsson Jeff Woywitka 10 1 2 2
PowerPlay Forward
Center Left Wing Right Wing Time % Phy DF OF
1 Jeff Carter Drew Miller Jakub Voracek 60 0 0 5
2 Marcus Kruger J.T. Miller Mats Zuccarello 40 0 0 5
PowerPlay Defense
Defense Defense Time % Phy DF OF
1 Jonathan Ericsson Jeff Woywitka 60 0 2 3
2 Oliver Ekman-Larsson Nathan Beaulieu 40 0 2 3
Penalty Kill 4 Players Forward
Center Wing Time % Phy DF OF
1 Matthew Lombardi Chris Mcallister 60 0 4 1
2 Kyle Wellwood Drew Miller 40 0 4 1
Penalty Kill 4 Players Defense
Defense Defense Time % Phy DF OF
1 Brian Lashoff Jeff Woywitka 60 1 4 0
2 Matt Smaby Oliver Ekman-Larsson 40 1 4 0
Penalty Kill - 3 Players Forward
Forward Time % Phy DF OF
1 Matthew Lombardi 60 0 4 1
2 Kyle Wellwood 40 0 4 1
Penalty Kill - 3 Players Defense
Defense Defense Time % Phy DF OF
1 Brian Lashoff Jeff Woywitka 60 1 4 0
2 Matt Smaby Oliver Ekman-Larsson 40 1 4 0
4 vs 4 Forward
Center Wing Time % Phy DF OF
1 Jeff Carter J.T. Miller 60 0 2 3
2 Marcus Kruger Drew Miller 40 0 2 3
4 vs 4 Defense
Defense Defense Time % Phy DF OF
1 Jonathan Ericsson Matt Smaby 60 0 3 2
2 Nathan Beaulieu Oliver Ekman-Larsson 40 0 3 2
Last Minutes Offensive
Center Left Wing Right Wing Defense Defense
Jeff Carter Drew Miller Jakub Voracek Oliver Ekman-Larsson Jeff Woywitka
Last Minutes Defensive
Center Left Wing Right Wing Defense Defense
Jeff Carter Drew Miller Jakub Voracek Oliver Ekman-Larsson Jeff Woywitka
Goaltenders
Starting : Steve Mason
Backup : Cam Ward
Extra Forwards
Normal : Jeff Carter, Chris Mcallister, Kyle Wellwood - PP : Jeff Carter, Chris Mcallister - PK : Kyle Wellwood
Extra Defensemen
Normal : Brian Lashoff, Nathan Beaulieu, Matt Smaby - PP : Brian Lashoff - PK : Nathan Beaulieu, Matt Smaby
Penalty Shots
Jeff Carter, Jakub Voracek, J.T. Miller, Kyle Wellwood, Ryan Callahan
Scratches
Tyler Brenner (Healthy)
Maple Leafs
5 vs 5 Forward
Center Left Wing Right Wing Time % Phy DF OF
1 Jake Guentzel Taylor Hall Patrick Kane 40 1 1 3
2 Jordan Staal Eric Nystrom Ben Smith 30 1 2 2
3 Brayden Schenn Fabian Brunnstrom Beau Bennett 20 1 2 2
4 Nate Thompson Alex Killorn Blake Comeau 10 1 3 1
5 vs 5 Defense
Defense Defense Time % Phy DF OF
1 Kevin Shattenkirk John Klingberg 40 1 1 3
2 Braydon Coburn Taylor Chorney 30 1 3 1
3 Marc-Édouard Vlasic Ryan Parent 20 1 2 2
4 Kevin Shattenkirk John Klingberg 10 1 1 3
PowerPlay Forward
Center Left Wing Right Wing Time % Phy DF OF
1 Jordan Staal Fabian Brunnstrom Patrick Kane 60 0 1 4
2 Brayden Schenn Eric Nystrom Ben Smith 40 0 1 4
PowerPlay Defense
Defense Defense Time % Phy DF OF
1 Kevin Shattenkirk John Klingberg 60 0 1 4
2 Marc-Édouard Vlasic Ryan Parent 40 0 1 4
Penalty Kill 4 Players Forward
Center Wing Time % Phy DF OF
1 Brayden Schenn Eric Nystrom 60 1 3 1
2 Jordan Staal Ben Smith 40 1 3 1
Penalty Kill 4 Players Defense
Defense Defense Time % Phy DF OF
1 Braydon Coburn Taylor Chorney 60 1 3 1
2 Ryan Parent Kevin Shattenkirk 40 1 3 1
Penalty Kill - 3 Players Forward
Forward Time % Phy DF OF
1 Brayden Schenn 60 1 4 0
2 Jordan Staal 40 1 4 0
Penalty Kill - 3 Players Defense
Defense Defense Time % Phy DF OF
1 Braydon Coburn Taylor Chorney 60 1 4 0
2 Ryan Parent Kevin Shattenkirk 40 1 4 0
4 vs 4 Forward
Center Wing Time % Phy DF OF
1 Jordan Staal Patrick Kane 60 1 2 2
2 Brayden Schenn Ben Smith 40 1 2 2
4 vs 4 Defense
Defense Defense Time % Phy DF OF
1 Kevin Shattenkirk Braydon Coburn 60 1 2 2
2 John Klingberg Marc-Édouard Vlasic 40 1 2 2
Last Minutes Offensive
Center Left Wing Right Wing Defense Defense
Jordan Staal Taylor Hall Patrick Kane Kevin Shattenkirk John Klingberg
Last Minutes Defensive
Center Left Wing Right Wing Defense Defense
Jordan Staal Eric Nystrom Patrick Kane Braydon Coburn Taylor Chorney
Goaltenders
Starting : Tyler Weiman
Backup : Jamie Phillips
Extra Forwards
Normal : Jordan Staal, Jake Guentzel, Patrick Kane - PP : Brayden Schenn, Ben Smith - PK : Ben Smith
Extra Defensemen
Normal : John Klingberg, Marc-Édouard Vlasic, Kevin Shattenkirk - PP : Marc-Édouard Vlasic - PK : Ryan Parent, Kevin Shattenkirk
Penalty Shots
Patrick Kane, Jake Guentzel, Taylor Hall, Jordan Staal, Fabian Brunnstrom
Scratches
Mark Scheifele (Right Wrist Injury), Marc-André Fleury (Healthy)
% Time on Ice - Flyers
Lines # - Real PCT - Wanted PCT - Time Play
Normal Forward
1 - 28% - 30% - 13:03
2 - 28% - 30% - 13:07
3 - 29% - 30% - 13:33
4 - 14% - 10% - 6:19
Normal Defense
1 - 41% - 40% - 18:54
2 - 31% - 30% - 14:20
3 - 20% - 20% - 9:10
4 - 8% - 10% - 3:38
PP Forward
1 - 61% - 60% - 1:32
2 - 39% - 40% - 1:00
PP Defense
1 - 74% - 60% - 1:53
2 - 26% - 40% - 0:39
PK Forward
1 - 72% - 60% - 7:57
2 - 28% - 40% - 3:01
PK Defense
1 - 57% - 60% - 6:14
2 - 43% - 40% - 4:44
PK3 Forward
1 - 100% - 60% - 0:28
2 - 0% - 40% - 0:00
PK3 Defense
1 - 100% - 60% - 0:28
2 - 0% - 40% - 0:00
44 Forward
1 - 0% - 60%
2 - 0% - 40%
44 Defense
1 - 0% - 60%
2 - 0% - 40%
Last Minute Offensive - 0:00
Last Minute Defensive - 0:00
Total
Forward - 60:00
Defense - 60:00
|
% Time on Ice - Maple Leafs
Lines # - Real PCT - Wanted PCT - Time Play
Normal Forward
1 - 35% - 40% - 16:15
2 - 29% - 30% - 13:20
3 - 19% - 20% - 8:46
4 - 17% - 10% - 7:41
Normal Defense
1 - 36% - 40% - 16:31
2 - 36% - 30% - 16:38
3 - 25% - 20% - 11:40
4 - 3% - 10% - 1:13
PP Forward
1 - 53% - 60% - 6:05
2 - 47% - 40% - 5:21
PP Defense
1 - 70% - 60% - 8:00
2 - 30% - 40% - 3:26
PK Forward
1 - 91% - 60% - 2:18
2 - 9% - 40% - 0:14
PK Defense
1 - 53% - 60% - 1:20
2 - 47% - 40% - 1:12
PK3 Forward
1 - 0% - 60%
2 - 0% - 40%
PK3 Defense
1 - 0% - 60%
2 - 0% - 40%
44 Forward
1 - 0% - 60%
2 - 0% - 40%
44 Defense
1 - 0% - 60%
2 - 0% - 40%
Last Minute Offensive - 0:00
Last Minute Defensive - 0:00
Total
Forward - 60:00
Defense - 60:00
|
Play-by-Play
1st period
0:01 of 1st period - Jeff Carter wins face-off versus Jake Guentzel in neutral zone.
0:12 of 1st period - Slapshot by Jakub Voracek.
0:12 of 1st period - Shot Misses the Net.
0:36 of 1st period - Wrist shot by Mats Zuccarello.
0:36 of 1st period - Stopped by Tyler Weiman with a rebound.
1:04 of 1st period - Slapshot by Nathan Beaulieu.
1:04 of 1st period - Stopped by Tyler Weiman with a rebound.
1:35 of 1st period - Minor Penalty to Matthew Lombardi for Roughing.
1:36 of 1st period - Kyle Wellwood wins face-off versus Jordan Staal in Flyers zone.
1:53 of 1st period - Slapshot by John Klingberg.
1:53 of 1st period - Stopped by Steve Mason with a rebound.
2:22 of 1st period - Matt Smaby is hit by Eric Nystrom and loses puck.
2:30 of 1st period - Icing by Brayden Schenn.
2:31 of 1st period - Marcus Kruger wins face-off versus Brayden Schenn in Maple Leafs zone.
2:52 of 1st period - Off-side.
2:53 of 1st period - Chris Mcallister wins face-off versus Jordan Staal in neutral zone.
2:55 of 1st period - Off-side.
2:56 of 1st period - Jordan Staal wins face-off versus Marcus Kruger in neutral zone.
3:05 of 1st period - Snap shot by Jordan Staal.
3:05 of 1st period - Shot Blocked by Matt Smaby.
3:09 of 1st period - Wrist shot by Patrick Kane.
3:09 of 1st period - Goal by Patrick Kane - Flyers : 0 - Maple Leafs : 1.
3:10 of 1st period - Patrick Kane wins face-off versus Kyle Wellwood in neutral zone.
3:21 of 1st period - Wrist shot by Kyle Wellwood.
3:21 of 1st period - Shot Blocked by Taylor Hall.
3:23 of 1st period - Slapshot by Matt Smaby.
3:23 of 1st period - Stopped by Tyler Weiman with a rebound.
3:25 of 1st period - Wrist shot by Tomas Kubalik.
3:25 of 1st period - Shot Blocked by Patrick Kane.
3:58 of 1st period - Kevin Shattenkirk is hit by Chris Mcallister and loses puck.
4:31 of 1st period - Kevin Shattenkirk is hit by Jonathan Ericsson.
5:12 of 1st period - Wrist shot by Drew Miller.
5:12 of 1st period - Shot Blocked by Taylor Chorney.
5:54 of 1st period - Snap shot by Brayden Schenn.
5:54 of 1st period - Deflect By Mats Zuccarello.
5:54 of 1st period - Shot Misses the Net.
5:54 of 1st period - Puck is out of play.
5:55 of 1st period - Brayden Schenn wins face-off versus Marcus Kruger in Flyers zone.
6:11 of 1st period - Off-side.
6:12 of 1st period - Patrick Kane wins face-off versus Jeff Carter in neutral zone.
6:27 of 1st period - Slapshot by Taylor Hall.
6:27 of 1st period - Shot Blocked by Brian Lashoff.
6:29 of 1st period - Slapshot by John Klingberg.
6:29 of 1st period - Shot Misses the Net.
6:38 of 1st period - Icing by Kyle Wellwood.
6:39 of 1st period - Kyle Wellwood wins face-off versus Jordan Staal in Flyers zone.
6:48 of 1st period - Snap shot by Ben Smith.
6:48 of 1st period - Shot Misses the Net.
6:50 of 1st period - Wrist shot by Ben Smith.
6:50 of 1st period - Stopped by Steve Mason with a rebound.
6:52 of 1st period - Slapshot by Jordan Staal.
6:52 of 1st period - Shot Misses the Net.
6:54 of 1st period - Slapshot by Ryan Parent.
6:54 of 1st period - Stopped by Steve Mason without a rebound.
6:55 of 1st period - Jeff Carter wins face-off versus Jake Guentzel in Flyers zone.
7:00 of 1st period - Snap shot by Jeff Carter.
7:00 of 1st period - Shot Blocked by Kevin Shattenkirk.
7:41 of 1st period - Slapshot by Taylor Hall.
7:41 of 1st period - Stopped by Steve Mason without a rebound.
7:42 of 1st period - Kyle Wellwood wins face-off versus Jordan Staal in Flyers zone.
7:51 of 1st period - Wrist shot by Jordan Staal.
7:51 of 1st period - Stopped by Steve Mason without a rebound.
7:52 of 1st period - Kyle Wellwood wins face-off versus Jordan Staal in Flyers zone.
7:52 of 1st period - Kyle Wellwood is hit by Ben Smith.
8:45 of 1st period - Ben Smith is hit by Nathan Beaulieu and loses puck.
9:01 of 1st period - Icing by Marc-Édouard Vlasic.
9:02 of 1st period - Marcus Kruger wins face-off versus Ben Smith in Maple Leafs zone.
9:42 of 1st period - Snap shot by Ben Smith.
9:42 of 1st period - Shot Misses the Net.
9:44 of 1st period - Backhand shot by Ryan Parent.
9:44 of 1st period - Deflect By Jakub Voracek.
9:44 of 1st period - Stopped by Steve Mason with a rebound.
9:46 of 1st period - Snap shot by Ben Smith.
9:46 of 1st period - Stopped by Steve Mason without a rebound.
9:47 of 1st period - J.T. Miller wins face-off versus Taylor Hall in Flyers zone.
11:32 of 1st period - Slapshot by Matt Smaby.
11:32 of 1st period - Stopped by Tyler Weiman with a rebound.
11:34 of 1st period - Snap shot by Ryan Callahan.
11:34 of 1st period - Stopped by Tyler Weiman without a rebound.
11:35 of 1st period - Jake Guentzel wins face-off versus Jeff Carter in Maple Leafs zone.
11:48 of 1st period - Wrist shot by Jeff Carter.
11:48 of 1st period - Shot Blocked by Ryan Parent.
11:50 of 1st period - Slapshot by Matt Smaby.
11:50 of 1st period - Stopped by Tyler Weiman without a rebound.
11:51 of 1st period - Marcus Kruger wins face-off versus Brayden Schenn in Maple Leafs zone.
11:54 of 1st period - Wrist shot by Mats Zuccarello.
11:54 of 1st period - Goal by Mats Zuccarello - Flyers : 1 - Maple Leafs : 1.
11:55 of 1st period - Jake Guentzel wins face-off versus Marcus Kruger in neutral zone.
11:58 of 1st period - Slapshot by John Klingberg.
11:58 of 1st period - Stopped by Steve Mason without a rebound.
11:59 of 1st period - Marcus Kruger wins face-off versus Jake Guentzel in Flyers zone.
12:49 of 1st period - Snap shot by Jordan Staal.
12:49 of 1st period - Shot Blocked by Matt Smaby.
14:29 of 1st period - Snap shot by Jeff Carter.
14:29 of 1st period - Stopped by Tyler Weiman without a rebound.
14:30 of 1st period - Tomas Kubalik wins face-off versus Jake Guentzel in Maple Leafs zone.
14:57 of 1st period - Oliver Ekman-Larsson is hit by Taylor Chorney and loses puck.
15:44 of 1st period - Tomas Kubalik is hit by John Klingberg and loses puck.
16:03 of 1st period - Snap shot by Patrick Kane.
16:03 of 1st period - Stopped by Steve Mason without a rebound.
16:04 of 1st period - Jake Guentzel wins face-off versus Marcus Kruger in Flyers zone.
16:11 of 1st period - Wrist shot by Taylor Hall.
16:11 of 1st period - Stopped by Steve Mason without a rebound.
16:12 of 1st period - Marcus Kruger wins face-off versus Jake Guentzel in Flyers zone.
16:27 of 1st period - Snap shot by J.T. Miller.
16:27 of 1st period - Shot Misses the Net.
16:39 of 1st period - Snap shot by Patrick Kane.
16:39 of 1st period - Shot Misses the Net.
17:19 of 1st period - Snap shot by Patrick Kane.
17:19 of 1st period - Shot Misses the Net.
17:21 of 1st period - Slapshot by Patrick Kane.
17:21 of 1st period - Shot Blocked by Nathan Beaulieu.
17:23 of 1st period - Slapshot by Braydon Coburn.
17:23 of 1st period - Shot Blocked by Marcus Kruger.
17:25 of 1st period - Snap shot by Braydon Coburn.
17:25 of 1st period - Stopped by Steve Mason with a rebound.
17:41 of 1st period - Snap shot by Patrick Kane.
17:41 of 1st period - Shot Misses the Net.
17:50 of 1st period - Wrist shot by Jake Guentzel.
17:50 of 1st period - Stopped by Steve Mason without a rebound.
17:51 of 1st period - Jordan Staal wins face-off versus Kyle Wellwood in Flyers zone.
17:52 of 1st period - Snap shot by Ben Smith.
17:52 of 1st period - Goal by Ben Smith - Flyers : 1 - Maple Leafs : 2.
17:53 of 1st period - Kyle Wellwood wins face-off versus Jordan Staal in neutral zone.
17:55 of 1st period - Minor Penalty to Jeff Woywitka for Hooking.
17:56 of 1st period - Brayden Schenn wins face-off versus Matthew Lombardi in Flyers zone.
18:08 of 1st period - Slapshot by Kevin Shattenkirk.
18:08 of 1st period - Stopped by Steve Mason without a rebound.
18:09 of 1st period - Jordan Staal wins face-off versus Matthew Lombardi in Flyers zone.
18:18 of 1st period - Slapshot by Fabian Brunnstrom.
18:18 of 1st period - Shot Misses the Net.
18:20 of 1st period - Wrist shot by Patrick Kane.
18:20 of 1st period - Goal by Patrick Kane - Flyers : 1 - Maple Leafs : 3.
18:21 of 1st period - Jordan Staal wins face-off versus Kyle Wellwood in neutral zone.
18:24 of 1st period - Brock Nelson is hit by Ben Smith and loses puck.
18:51 of 1st period - Snap shot by Kevin Shattenkirk.
18:51 of 1st period - Shot Blocked by Drew Miller.
18:53 of 1st period - Snap shot by Kevin Shattenkirk.
18:53 of 1st period - Shot Misses the Net.
18:55 of 1st period - Snap shot by John Klingberg.
18:55 of 1st period - Shot Blocked by Jeff Woywitka.
18:57 of 1st period - Slapshot by Taylor Hall.
18:57 of 1st period - Shot Misses the Net.
19:01 of 1st period - Wrist shot by Patrick Kane.
19:01 of 1st period - Stopped by Steve Mason without a rebound.
19:02 of 1st period - Kyle Wellwood wins face-off versus Brayden Schenn in Flyers zone.
19:17 of 1st period - Slapshot by Matt Smaby.
19:17 of 1st period - Deflect By Kyle Wellwood.
19:17 of 1st period - Shot Blocked by Brayden Schenn.
19:17 of 1st period - Puck is out of play.
19:18 of 1st period - Drew Miller wins face-off versus Jordan Staal in Maple Leafs zone.
19:34 of 1st period - Off-side.
19:35 of 1st period - Jake Guentzel wins face-off versus Brock Nelson in neutral zone.
19:43 of 1st period - Off-side.
19:44 of 1st period - Jake Guentzel wins face-off versus Kyle Wellwood in neutral zone.
19:47 of 1st period - Snap shot by Kevin Shattenkirk.
19:47 of 1st period - Shot Blocked by Jonathan Ericsson.
Goals for this period are 1 for Flyers vs 3 for Maple Leafs.
Shots for this period are 8 for Flyers vs 17 for Maple Leafs.
2nd period
0:01 of 2nd period - Jordan Staal wins face-off versus Jeff Carter in neutral zone.
0:16 of 2nd period - Snap shot by Jordan Staal.
0:16 of 2nd period - Shot Misses the Net.
0:26 of 2nd period - Jake Guentzel is hit by Tomas Kubalik and loses puck.
1:16 of 2nd period - Snap shot by Chris Mcallister.
1:16 of 2nd period - Deflect By Matthew Lombardi.
1:16 of 2nd period - Shot Misses the Net.
1:16 of 2nd period - Puck is out of play.
1:17 of 2nd period - Jake Guentzel wins face-off versus Jeff Carter in Maple Leafs zone.
1:33 of 2nd period - Slapshot by Taylor Hall.
1:33 of 2nd period - Shot Misses the Net.
2:04 of 2nd period - Slapshot by Fabian Brunnstrom.
2:04 of 2nd period - Shot Misses the Net.
2:26 of 2nd period - Wrist shot by Chris Mcallister.
2:26 of 2nd period - Stopped by Tyler Weiman with a rebound.
2:28 of 2nd period - Snap shot by Brian Lashoff.
2:28 of 2nd period - Stopped by Tyler Weiman without a rebound.
2:29 of 2nd period - Nate Thompson wins face-off versus Jeff Carter in Maple Leafs zone.
3:32 of 2nd period - Minor Penalty to Ben Smith for Tripping.
3:33 of 2nd period - Jeff Carter wins face-off versus Brayden Schenn in Maple Leafs zone.
3:35 of 2nd period - Wrist shot by Drew Miller.
3:35 of 2nd period - Deflect By Brayden Schenn.
3:35 of 2nd period - Goal by Drew Miller - Flyers : 2 - Maple Leafs : 3.
3:36 of 2nd period - Jeff Carter wins face-off versus Jake Guentzel in neutral zone.
3:51 of 2nd period - Jeff Carter is hit by Kevin Shattenkirk and loses puck.
4:10 of 2nd period - Snap shot by Fabian Brunnstrom.
4:10 of 2nd period - Stopped by Steve Mason with a rebound.
4:12 of 2nd period - Slapshot by Fabian Brunnstrom.
4:12 of 2nd period - Stopped by Steve Mason without a rebound.
4:13 of 2nd period - Brock Nelson wins face-off versus Jake Guentzel in Flyers zone.
4:44 of 2nd period - Wrist shot by Mats Zuccarello.
4:44 of 2nd period - Shot Misses the Net.
6:25 of 2nd period - Snap shot by Taylor Hall.
6:25 of 2nd period - Shot Blocked by Kyle Wellwood.
6:31 of 2nd period - Taylor Hall is hit by Jonathan Ericsson and loses puck.
6:36 of 2nd period - Snap shot by Kyle Wellwood.
6:36 of 2nd period - Stopped by Tyler Weiman with a rebound.
6:38 of 2nd period - Wrist shot by Kyle Wellwood.
6:38 of 2nd period - Shot Misses the Net.
6:40 of 2nd period - Wrist shot by Brock Nelson.
6:40 of 2nd period - Shot Misses the Net.
7:03 of 2nd period - Off-side.
7:04 of 2nd period - Jeff Carter wins face-off versus Jordan Staal in neutral zone.
7:19 of 2nd period - Slapshot by Jordan Staal.
7:19 of 2nd period - Stopped by Steve Mason with a rebound.
7:21 of 2nd period - Backhand shot by Kevin Shattenkirk.
7:21 of 2nd period - Shot Misses the Net.
7:56 of 2nd period - Wrist shot by Chris Mcallister.
7:56 of 2nd period - Stopped by Tyler Weiman without a rebound.
7:57 of 2nd period - Jordan Staal wins face-off versus Matthew Lombardi in Maple Leafs zone.
9:29 of 2nd period - Slapshot by Oliver Ekman-Larsson.
9:29 of 2nd period - Shot Misses the Net.
9:49 of 2nd period - Snap shot by Alex Killorn.
9:49 of 2nd period - Shot Blocked by Nathan Beaulieu.
9:57 of 2nd period - Blake Comeau is hit by Oliver Ekman-Larsson and loses puck.
10:08 of 2nd period - Jonathan Ericsson is hit by Fabian Brunnstrom and loses puck.
11:54 of 2nd period - Minor Penalty to Ryan Callahan for Interference.
11:55 of 2nd period - Matthew Lombardi wins face-off versus Jordan Staal in Flyers zone.
12:12 of 2nd period - Fabian Brunnstrom is hit by Matthew Lombardi and loses puck.
12:28 of 2nd period - Icing by Jordan Staal.
12:29 of 2nd period - Jordan Staal wins face-off versus Kyle Wellwood in Maple Leafs zone.
13:54 of 2nd period - Penalty to Ryan Callahan is over, Ryan Callahan is back on ice.
13:55 of 2nd period - Icing by Jordan Staal.
13:56 of 2nd period - Marcus Kruger wins face-off versus Jordan Staal in Maple Leafs zone.
14:11 of 2nd period - J.T. Miller is hit by Jordan Staal and loses puck.
14:27 of 2nd period - Off-side.
14:28 of 2nd period - Nate Thompson wins face-off versus Jeff Carter in neutral zone.
14:47 of 2nd period - Snap shot by Jakub Voracek.
14:47 of 2nd period - Deflect By Jeff Carter.
14:47 of 2nd period - Shot Blocked by Braydon Coburn.
14:47 of 2nd period - Puck is out of play.
14:48 of 2nd period - Kyle Wellwood wins face-off versus Jake Guentzel in Maple Leafs zone.
14:57 of 2nd period - Slapshot by Brock Nelson.
14:57 of 2nd period - Shot Blocked by Taylor Chorney.
15:03 of 2nd period - Oliver Ekman-Larsson is hit by Taylor Hall and loses puck.
16:19 of 2nd period - Snap shot by Marcus Kruger.
16:19 of 2nd period - Shot Blocked by Ryan Parent.
16:27 of 2nd period - Wrist shot by Jordan Staal.
16:27 of 2nd period - Stopped by Steve Mason without a rebound.
16:28 of 2nd period - Kyle Wellwood wins face-off versus Jake Guentzel in Flyers zone.
16:28 of 2nd period - Kyle Wellwood is hit by Jake Guentzel.
17:30 of 2nd period - Minor Penalty to Matt Smaby for Holding.
17:31 of 2nd period - Jordan Staal wins face-off versus Matthew Lombardi in Flyers zone.
17:32 of 2nd period - Snap shot by Patrick Kane.
17:32 of 2nd period - Stopped by Steve Mason without a rebound.
17:33 of 2nd period - Jordan Staal wins face-off versus Matthew Lombardi in Flyers zone.
17:36 of 2nd period - Slapshot by Kevin Shattenkirk.
17:36 of 2nd period - Shot Blocked by Jeff Woywitka.
17:38 of 2nd period - Snap shot by Patrick Kane.
17:38 of 2nd period - Deflect By Jordan Staal.
17:38 of 2nd period - Shot Blocked by Brian Lashoff.
17:38 of 2nd period - Puck is out of play.
17:39 of 2nd period - Fabian Brunnstrom wins face-off versus Matthew Lombardi in Flyers zone.
17:44 of 2nd period - Wrist shot by Jordan Staal.
17:44 of 2nd period - Shot Blocked by Jeff Woywitka.
17:46 of 2nd period - Slapshot by John Klingberg.
17:46 of 2nd period - Deflect By Jordan Staal.
17:46 of 2nd period - Stopped by Steve Mason without a rebound.
17:47 of 2nd period - Jordan Staal wins face-off versus Matthew Lombardi in Flyers zone.
19:20 of 2nd period - Minor Penalty to J.T. Miller for Interference.
19:21 of 2nd period - Brayden Schenn wins face-off versus Matthew Lombardi in Flyers zone.
19:30 of 2nd period - Penalty to Matt Smaby is over, Matt Smaby is back on ice.
Goals for this period are 1 for Flyers vs 0 for Maple Leafs.
Shots for this period are 5 for Flyers vs 6 for Maple Leafs.
3rd period
0:01 of 3rd period - Jordan Staal wins face-off versus Matthew Lombardi in neutral zone.
1:00 of 3rd period - Minor Penalty to Matt Smaby for Roughing.
1:01 of 3rd period - Matthew Lombardi wins face-off versus Jordan Staal in Flyers zone.
1:20 of 3rd period - Penalty to J.T. Miller is over, J.T. Miller is back on ice.
3:00 of 3rd period - Penalty to Matt Smaby is over, Matt Smaby is back on ice.
3:10 of 3rd period - Matt Smaby is hit by Alex Killorn.
3:47 of 3rd period - Snap shot by Tomas Kubalik.
3:47 of 3rd period - Shot Blocked by Braydon Coburn.
3:49 of 3rd period - Slapshot by Matt Smaby.
3:49 of 3rd period - Shot Misses the Net.
4:19 of 3rd period - Brayden Schenn is hit by Jakub Voracek and loses puck.
4:44 of 3rd period - Minor Penalty to Nathan Beaulieu for Roughing.
4:45 of 3rd period - Jordan Staal wins face-off versus Matthew Lombardi in Flyers zone.
4:48 of 3rd period - Slapshot by Kevin Shattenkirk.
4:48 of 3rd period - Shot Misses the Net.
4:50 of 3rd period - Slapshot by Kevin Shattenkirk.
4:50 of 3rd period - Stopped by Steve Mason with a rebound.
4:52 of 3rd period - Snap shot by Fabian Brunnstrom.
4:52 of 3rd period - Stopped by Steve Mason without a rebound.
4:53 of 3rd period - Matthew Lombardi wins face-off versus Jordan Staal in Flyers zone.
6:24 of 3rd period - Eric Nystrom is hit by J.T. Miller and loses puck.
6:44 of 3rd period - Penalty to Nathan Beaulieu is over, Nathan Beaulieu is back on ice.
7:41 of 3rd period - Slapshot by Marcus Kruger.
7:41 of 3rd period - Stopped by Tyler Weiman without a rebound.
7:42 of 3rd period - Jake Guentzel wins face-off versus Marcus Kruger in Maple Leafs zone.
7:51 of 3rd period - Snap shot by Taylor Hall.
7:51 of 3rd period - Shot Misses the Net.
7:57 of 3rd period - Kevin Shattenkirk is hit by Jeff Woywitka and loses puck.
8:08 of 3rd period - Slapshot by Jakub Voracek.
8:08 of 3rd period - Stopped by Tyler Weiman with a rebound.
8:10 of 3rd period - Wrist shot by Drew Miller.
8:10 of 3rd period - Shot Misses the Net.
8:12 of 3rd period - Slapshot by Jonathan Ericsson.
8:12 of 3rd period - Stopped by Tyler Weiman with a rebound.
8:14 of 3rd period - Wrist shot by Jakub Voracek.
8:14 of 3rd period - Stopped by Tyler Weiman with a rebound.
8:16 of 3rd period - Snap shot by Jakub Voracek.
8:16 of 3rd period - Stopped by Tyler Weiman without a rebound.
8:17 of 3rd period - Jordan Staal wins face-off versus Kyle Wellwood in Maple Leafs zone.
8:51 of 3rd period - Slapshot by Drew Miller.
8:51 of 3rd period - Stopped by Tyler Weiman with a rebound.
9:11 of 3rd period - Slapshot by Chris Mcallister.
9:11 of 3rd period - Shot Blocked by Fabian Brunnstrom.
9:13 of 3rd period - Snap shot by Matthew Lombardi.
9:13 of 3rd period - Stopped by Tyler Weiman with a rebound.
9:17 of 3rd period - Snap shot by Chris Mcallister.
9:17 of 3rd period - Shot Misses the Net.
9:19 of 3rd period - Slapshot by Jonathan Ericsson.
9:19 of 3rd period - Stopped by Tyler Weiman with a rebound.
10:01 of 3rd period - Marc-Édouard Vlasic is hit by Tomas Kubalik and loses puck.
10:12 of 3rd period - Backhand shot by Nate Thompson.
10:12 of 3rd period - Shot Misses the Net.
10:40 of 3rd period - Minor Penalty to Eric Nystrom for Hooking.
10:41 of 3rd period - Jeff Carter wins face-off versus Brayden Schenn in Maple Leafs zone.
10:48 of 3rd period - Wrist shot by Jakub Voracek.
10:48 of 3rd period - Stopped by Tyler Weiman with a rebound.
10:50 of 3rd period - Wrist shot by Drew Miller.
10:50 of 3rd period - Stopped by Tyler Weiman with a rebound.
10:52 of 3rd period - Slapshot by Jonathan Ericsson.
10:52 of 3rd period - Stopped by Tyler Weiman with a rebound.
10:54 of 3rd period - Snap shot by Drew Miller.
10:54 of 3rd period - Stopped by Tyler Weiman with a rebound.
10:56 of 3rd period - Slapshot by Jonathan Ericsson.
10:56 of 3rd period - Deflect By Jeff Carter.
10:56 of 3rd period - Shot Blocked by Kevin Shattenkirk.
10:56 of 3rd period - Puck is out of play.
10:57 of 3rd period - Jeff Carter wins face-off versus Brayden Schenn in Maple Leafs zone.
11:10 of 3rd period - Snap shot by Jeff Carter.
11:10 of 3rd period - Goal by Jeff Carter - Flyers : 3 - Maple Leafs : 3.
11:11 of 3rd period - Kyle Wellwood wins face-off versus Patrick Kane in neutral zone.
11:43 of 3rd period - Slapshot by Jeff Carter.
11:43 of 3rd period - Stopped by Tyler Weiman with a rebound.
11:45 of 3rd period - Wrist shot by Jeff Carter.
11:45 of 3rd period - Stopped by Tyler Weiman with a rebound.
12:10 of 3rd period - Off-side.
12:11 of 3rd period - Jake Guentzel wins face-off versus Brock Nelson in neutral zone.
12:20 of 3rd period - Snap shot by Patrick Kane.
12:20 of 3rd period - Stopped by Steve Mason without a rebound.
12:21 of 3rd period - Kyle Wellwood wins face-off versus Jake Guentzel in Flyers zone.
12:26 of 3rd period - Slapshot by Nathan Beaulieu.
12:26 of 3rd period - Stopped by Tyler Weiman with a rebound.
13:22 of 3rd period - Wrist shot by Patrick Kane.
13:22 of 3rd period - Shot Misses the Net.
13:36 of 3rd period - Wrist shot by Taylor Hall.
13:36 of 3rd period - Deflect By Patrick Kane.
13:36 of 3rd period - Stopped by Steve Mason with a rebound.
13:38 of 3rd period - Backhand shot by Taylor Hall.
13:38 of 3rd period - Goal by Taylor Hall - Flyers : 3 - Maple Leafs : 4.
13:39 of 3rd period - Jordan Staal wins face-off versus Mats Zuccarello in neutral zone.
14:06 of 3rd period - Jeff Carter is hit by Brayden Schenn and loses puck.
14:27 of 3rd period - Marc-Édouard Vlasic is hit by Chris Mcallister and loses puck.
14:45 of 3rd period - Icing by Alex Killorn.
14:46 of 3rd period - Marcus Kruger wins face-off versus Jordan Staal in Maple Leafs zone.
14:47 of 3rd period - Snap shot by J.T. Miller.
14:47 of 3rd period - Shot Blocked by Eric Nystrom.
14:53 of 3rd period - Jeff Woywitka is hit by Eric Nystrom and loses puck.
14:58 of 3rd period - Slapshot by Ben Smith.
14:58 of 3rd period - Shot Misses the Net.
15:00 of 3rd period - Slapshot by Ben Smith.
15:00 of 3rd period - Stopped by Steve Mason with a rebound.
15:02 of 3rd period - Snap shot by Jordan Staal.
15:02 of 3rd period - Stopped by Steve Mason without a rebound.
15:03 of 3rd period - Kyle Wellwood wins face-off versus Brayden Schenn in Flyers zone.
15:28 of 3rd period - Oliver Ekman-Larsson is hit by Jake Guentzel and loses puck.
15:37 of 3rd period - Snap shot by Patrick Kane.
15:37 of 3rd period - Shot Blocked by Nathan Beaulieu.
16:01 of 3rd period - Snap shot by J.T. Miller.
16:01 of 3rd period - Shot Misses the Net.
16:17 of 3rd period - Slapshot by Blake Comeau.
16:17 of 3rd period - Stopped by Steve Mason with a rebound.
16:39 of 3rd period - Wrist shot by Fabian Brunnstrom.
16:39 of 3rd period - Shot Misses the Net.
16:41 of 3rd period - Wrist shot by Fabian Brunnstrom.
16:41 of 3rd period - Shot Misses the Net.
16:43 of 3rd period - Slapshot by Fabian Brunnstrom.
16:43 of 3rd period - Deflect By Brayden Schenn.
16:43 of 3rd period - Goal by Brayden Schenn - Flyers : 3 - Maple Leafs : 5.
16:44 of 3rd period - Kyle Wellwood wins face-off versus Brayden Schenn in neutral zone.
16:55 of 3rd period - Backhand shot by Brock Nelson.
16:55 of 3rd period - Shot Hit the Post.
16:57 of 3rd period - Snap shot by Brock Nelson.
16:57 of 3rd period - Shot Blocked by Kevin Shattenkirk.
16:59 of 3rd period - Wrist shot by Matt Smaby.
16:59 of 3rd period - Deflect By John Klingberg.
16:59 of 3rd period - Stopped by Tyler Weiman without a rebound.
17:00 of 3rd period - Jeff Carter wins face-off versus Jake Guentzel in Maple Leafs zone.
17:14 of 3rd period - Minor Penalty to Taylor Hall for Hooking.
17:15 of 3rd period - Brayden Schenn wins face-off versus Drew Miller in Maple Leafs zone.
19:09 of 3rd period - Eric Nystrom is hit by Jonathan Ericsson and loses puck.
19:14 of 3rd period - Penalty to Taylor Hall is over, Taylor Hall is back on ice.
19:38 of 3rd period - Kyle Wellwood is hit by John Klingberg and loses puck.
Goals for this period are 1 for Flyers vs 2 for Maple Leafs.
Shots for this period are 17 for Flyers vs 9 for Maple Leafs.
Back to the Top